 Dungeon Crawl Stone Soup version 0.20-a0-12-g90c15da (webtiles) character file.

332 JeffiDaFish the Shield-Bearer (level 6, -2/38 HPs)
             Began as a Gargoyle Fighter on Nov 2, 2016.
             Slain by an ogre
             ... wielding a +0 giant spiked club
              (9 damage)
             ... on level 4 of the Dungeon.
             The game lasted 00:06:44 (2475 turns).

JeffiDaFish the Shield-Bearer (Gargoyle Fighter)    Turns: 2475, Time: 00:06:45

Health: -2/38      AC: 11    Str: 22    XL:     6   Next: 52%
Magic:  6/6        EV:  8    Int:  8    God:
Gold:   139        SH:  9    Dex:  9    Spells: 0 memorised, 5 levels left

rFire  . . .     SeeInvis .     a - +1 rapier
rCold  . . .     Gourm    .     b - +0 scale mail
rNeg   + . .     Faith    .     c - +0 shield
rPois  ∞         Spirit   .     (no helmet)
rElec  +         Reflect  .     (no cloak)
rCorr  .         Harm     .     (no gloves)
MR     .....                    (no boots)
Stlth  ..........               (no amulet)
                                (no ring)
                                (no ring)

@: no status effects
A: negative energy resistance 1, electricity resistance, unbreathing,
petrification resistance, rot immunity, AC +4
a: no special abilities


You were on level 4 of the Dungeon.
You were not hungry.

You visited 1 branch of the dungeon, and saw 4 of its levels.

You collected 139 gold pieces.

Inventory:

Hand Weapons
 a - a +1 rapier (weapon)
Armour
 b - a +0 scale mail (worn)
 c - a +0 shield (worn)
Scrolls
 h - 8 scrolls of identify
Potions
 k - a potion of curing
Comestibles
 f - 2 bread rations
 i - a beef jerky
 j - a slice of pizza


   Skills:
 + Level 4.0 Fighting
 + Level 4.0 Short Blades
 + Level 4.2 Armour
 + Level 1.1 Dodging
 + Level 0.8 Stealth
 + Level 4.7 Shields


You had 5 spell levels left.
You didn't know any spells.

Dungeon Overview and Level Annotations

Branches:
Dungeon (4/15)
 Temple: D:4-7

Altars:
Dithmenos
Kikubaaqudgha
Okawaru
Qazlal


Innate Abilities, Weirdness & Mutations

You are resistant to torment.
Your stone body is resilient. (AC +4)
You are immune to poison.
You resist negative energy. (rN+)
You are resistant to electric shocks. (rElec)
You can survive without breathing.
You are immune to petrification.
You are immune to rotting.


Message History

The ogre hits you with a giant spiked club!!
Ouch! That really hurt!
You barely miss the ogre. The ogre barely misses you.
You puncture the ogre!
The ogre is moderately wounded.
Your shield and scale mail prevent you from hitting the ogre.
The ogre is moderately wounded.
You block the ogre's attack.
You puncture the ogre!
The ogre is severely wounded.
You block the ogre's attack.
You hit the ogre.
The ogre is severely wounded.
The ogre hits you with a giant spiked club!
* * * LOW HITPOINT WARNING * * *
You block the ogre's attack.
You hit the ogre.
The ogre is severely wounded.
The ogre hits you with a giant spiked club!
You die...

######## #.......
#.######
...#.###########
#.......
#.......O@..[..#
#..#####
.....#########.#
#..##... ... ##.##
#..##.## .
##...###..##.#
##.....##..##.##
###.......#.......
#....._.....###.##
#.#.......### #.#
#.##.....## #.##


You could see an ogre.

Vanquished Creatures
  The ghost of Tinderbox the Charmwright, an amateur GrSk (D:3)
  A hound (D:3)
  An orc wizard (D:3)
  7 adders
  An ooze (D:2)
  A worm (D:2)
  A dart slug (D:1)
  3 leopard geckos
  4 orcs
  A ball python (D:1)
  7 bats
  A giant cockroach (D:2)
  7 goblins
  8 hobgoblins
  14 jackals
  A quokka (D:2)
  12 frilled lizards
  8 kobolds
  5 rats
84 creatures vanquished.

Notes
Turn   | Place    | Note
-------+----------+-------------------------------------------
     0 | D:1      | JeffiDaFish the Gargoyle Fighter began the quest for the Orb.
     0 | D:1      | Reached XP level 1. HP: 14/14 MP: 1/1
   143 | D:1      | Reached XP level 2. HP: 18/19 MP: 2/2
   385 | D:1      | Reached XP level 3. HP: 21/23 MP: 3/3
   839 | D:2      | Reached XP level 4. HP: 23/28 MP: 4/4
  1081 | D:2      | Found an ancient bone altar of Kikubaaqudgha.
  1282 | D:2      | Found a shadowy altar of Dithmenos.
  1316 | D:2      | Reached XP level 5. HP: 21/33 MP: 5/5
  1444 | D:2      | Found a stormy altar of Qazlal.
  1636 | D:3      | Reached skill level 1 in Dodging
  1872 | D:3      | Noticed Tinderbox's ghost (amateur GrSk)
  1881 | D:3      | Killed Tinderbox's ghost
  1881 | D:3      | Reached XP level 6. HP: 36/38 MP: 6/6
  2433 | D:4      | Found an iron altar of Okawaru.
  2475 | D:4      | Slain by an ogre

Vault maps used:
D:1:      elethiomel_arrival_maze
D:2:      minmay_wonky_spiral, lemuel_doored_altar, grunt_qazlal_clouds,
          grunt_dithmenos_smoke
D:4:      lemuel_round_altar, first_bread

Skill      XL: |  1  2  3  4  5  6 |
---------------+-------------------+-----
Short Blades   | 2 3 4 |  4.0
Shields        | 4 |  4.7
Dodging        | 1 |  1.1
Fighting       | 4 |  4.0
Armour         | 4 |  4.2
Stealth        | |  0.8

Action                   |  1- 3 |  4- 6 || total
-------------------------+-------+-------++-------
Melee: Rapier            |   116 |   199 ||   315
  Use: Scroll            |     1 |     5 ||     6
       Potion            |     1 |     5 ||     6
  Eat: Chunk             |       |     6 ||     6
Armor: Scale mail        |    73 |    76 ||   149
Dodge: Dodged            |    30 |    50 ||    80
Block: Shield            |    73 |    84 ||   157
